 Dungeon Crawl Stone Soup version 0.29.1-12-g30fa7ad0bf (webtiles) character file.

Game seed: 10709016309679893934

20 Roalbala the Ruffian (level 2, 0/26 HPs)
             Began as a Ghoul Monk on Dec 27, 2022.
             Slain by a ball python (3 damage)
             ... on level 2 of the Dungeon.
             The game lasted 00:16:33 (1179 turns).

Roalbala the Ruffian (Ghoul Monk)                   Turns: 1179, Time: 00:16:34

Health: 0/26       AC:  2    Str: 14    XL:     2   Next: 79%
Magic:  1/1        EV: 12    Int:  5    God:
Gold:   43         SH:  0    Dex: 11    Spells: 1/1 levels left

rFire   . . .      SeeInvis +     - Unarmed
rCold   + . .      Faith    .   (no shield)
rNeg    + + +      Spirit   .   a - +0 robe
rPois   ∞          Reflect  .   (no helmet)
rElec   .          Harm     .   (no cloak)
rCorr   .          Rampage  .   (no gloves)
Will    .....                   (no boots)
Stlth   ++........              (no amulet)
HPRegen 0.00/turn               h - ring of see invisible
MPRegen 0.07/turn               (no ring)

@: inhibited regen
A: claws 1, cold resistance 1, negative energy resistance 3, inhibited
regeneration, torment resistance 2, devour on kill
a: no special abilities


You were on level 2 of the Dungeon.
You visited 1 branch of the dungeon, and saw 2 of its levels.

You collected 43 gold pieces.

Inventory:

Missiles
 f - a throwing net (quivered)
Armour
 a - a +0 robe (worn)
Jewellery
 h - a ring of see invisible (left claw)
Potions
 b - a potion of ambrosia
 c - a potion of lignification {unknown}
 d - a potion of might
 g - a potion of flight {unknown}
 i - a potion of attraction {unknown}


   Skills:
 + Level 3.5 Fighting
 + Level 2.9 Dodging
 + Level 2.5 Stealth
 + Level 3.6 Unarmed Combat


You had one spell level left.
You didn't know any spells.
Your spell library was empty.

Dungeon Overview and Level Annotations

Branches:
Dungeon (2/15)

Altars:


Innate Abilities, Weirdness & Mutations

You are immune to poison.
You have sharp fingernails.
Your flesh is cold resistant. (rC+)
You are immune to negative energy. (rN+++)
You do not regenerate when monsters are visible.
You are immune to unholy pain and torment.
You thrive by killing the living.


Message History

You are too injured to fight recklessly!
You are too injured to fight recklessly!
You are too injured to fight recklessly!
You are too injured to fight recklessly!
You are too injured to fight recklessly!
You are too injured to fight recklessly!
You are too injured to fight recklessly!
You are too injured to fight recklessly!
You are too injured to fight recklessly!
You are too injured to fight recklessly!
You are too injured to fight recklessly!
You are too injured to fight recklessly!
The ball python's grasp on you weakens, but your attempt to escape fails.
The kobold hits you with a +0 whip.
The ball python bites you but does no damage.
The ball python constricts you.
You closely miss the ball python. The kobold hits you with a +0 whip.
* * * LOW HITPOINT WARNING * * *
The ball python bites you but does no damage.
The ball python constricts you.
* * * LOW HITPOINT WARNING * * *
You escape the ball python's grasp.
The kobold attacks as you move away! The kobold barely misses you.
You see here a scroll of blinking.
The kobold closely misses you. The kobold closely misses you.
The kobold attacks as you move away! The kobold barely misses you.
The kobold attacks as you move away! The kobold hits you with a +0 whip.
* * * LOW HITPOINT WARNING * * *
Found 3 poisoned darts.
The kobold attacks as you move away! The kobold completely misses you.
The endoplasm jiggles.
The kobold barely misses you. The ball python closely misses you.
The ball python misses you.
The ball python attacks as you move away!
The ball python barely misses you.
You scratch the ball python.
The ball python is moderately wounded.
The ball python bites you.
You die...

#.# #.# #.#
#####################.#
.....................>#
#####################.#
#..(.# #..# #....#
##.## +..S@# ####..#
#..K.# ####....##
#..J.# #....####
#.#######....# #..# #.#
#.......# #... #.#
#.......# ....# #.#
#.......# ..... #.#
#....#### .....# #.#
##...##


You could see an endoplasm, a ball python and a kobold.

Vanquished Creatures
  An adder (D:2)
  An endoplasm (D:2)
  A giant cockroach (D:2)
  4 goblins
  A bat (D:1)
  A frilled lizard (D:1)
  2 rats (D:1)
11 creatures vanquished.

Notes
Turn   | Place    | Note
-------+----------+-------------------------------------------
     0 | D:1      | Roalbala the Ghoul Monk began the quest for the Orb.
     0 | D:1      | Reached XP level 1. HP: 19/19 MP: 0/0
   953 | D:1      | Reached XP level 2. HP: 26/26 MP: 1/1
  1179 | D:2      | Slain by a ball python

Illustrated notes

Levels and vault maps discovered:
D:1:      spicycebolla_arrival_ecumenical, layout_basic
D:2:      layout_basic, serial_shops, shop, basic_altar

Action                   || total
-------------------------++-------
Melee: Unarmed           ||    34
  Use: Scroll            ||     5
 Stab: Sleeping          ||     6
Armor: Robe              ||     9
Dodge: Dodged            ||    28
